 Dungeon Crawl Stone Soup version 0.28-a0-1334-g1c9ffb4daf (webtiles) character file.

Game seed: 5562640685656957694

20607 Grim the Spear-Bearer (level 13, -21/97 (103) HPs)
             Began as a Formicid Fighter on Dec 28, 2021.
             Was an Elder of the Shining One.
             Demolished by a dream sheep (29 damage)
             ... on level 6 of the Lair of Beasts.
             The game lasted 00:25:48 (17118 turns).

Grim the Spear-Bearer (Formicid Fighter)           Turns: 17118, Time: 00:25:49

HP:   -21/97 (103)  AC: 14    Str: 29    XL:     13   Next: 13%
MP:   18/18         EV:  2    Int: 11    God:    the Shining One [****..]
Gold: 774           SH:  0    Dex: 16    Spells: 12/12 levels left

rFire   + . .      SeeInvis +   o - +2 bardiche (flame)
rCold   . . .      Faith    .   O - +2 tower shield {reflect}
rNeg    + + .      Spirit   .   R - +1 plate armour {rF+}
rPois   .          Reflect  +   (helmet unavailable)
rElec   .          Harm     .   r - +0 cloak
rCorr   .          Rampage  .   (no gloves)
Will    +....                   w - +0 pair of boots
Stlth   ..........              (no amulet)
HPRegen 0.26/turn               f - +6 ring of dexterity
MPRegen 0.16/turn               F - +6 ring of strength

@: divinely shielded, sleeping, corroded, glowing, drained
A: permanent stasis, dig shafts and tunnels, antennae 3, four strong arms
a: Dig, Shaft Self, Renounce Religion, Divine Shield, Cleansing Flame


You were on level 6 of the Lair of Beasts.
You worshipped the Shining One.
The Shining One was greatly pleased with you.
You visited 3 branches of the dungeon, and saw 17 of its levels.
You also visited: Sewer and Bailey.

You collected 774 gold pieces.

Inventory:

Hand Weapons
 a - a +0 trident
 o - a +2 bardiche of flaming (weapon)
Missiles
 k - 4 javelins
 p - 40 poisoned darts (quivered)
 x - 3 throwing nets
 y - 8 boomerangs
Armour
 b - a +0 scale mail
 c - a +0 buckler
 r - a +0 cloak (worn)
 w - a +0 pair of boots (worn)
 E - the +0 leather armour of Erchack {Str+4 Dex-2 Slay+2 SInv}
   (You found it on level 5 of the Dungeon)

   Str:       It affects your strength (+4).
   Dex:       It affects your dexterity (-2).
   Slay:      It affects your accuracy & damage with ranged weapons and melee
   (+2).
   SInv:      It lets you see invisible.
 K - a +0 plate armour
 N - a scarf of harm
 O - a +2 tower shield of reflection (worn)
 R - a +1 plate armour of fire resistance (worn)
Jewellery
 f - a +6 ring of dexterity (left hand)
 F - a +6 ring of strength (right hand)
 G - a +6 ring of intelligence
 J - a ring of positive energy
 L - a ring of magical power
Wands
 C - a wand of mindburst (7)
 D - a wand of iceblast (11)
 H - a wand of flame (34)
 M - a wand of charming (4)
 Q - a wand of paralysis (12)
Scrolls
 g - 2 scrolls of fog
 h - a scroll of immolation
 i - 3 scrolls of torment {unknown}
 m - 2 scrolls of teleportation {unknown}
 n - 3 scrolls of blinking {unknown}
 s - a scroll of vulnerability
 u - 2 scrolls of enchant weapon {unknown}
 v - 3 scrolls of fear
 A - a scroll of brand weapon {unknown}
 P - a scroll of enchant armour {unknown}
 S - 3 scrolls of identify
 V - 2 scrolls of noise {unknown}
Potions
 d - a potion of magic {unknown}
 e - 4 potions of degeneration {!q}
 j - 3 potions of curing
 l - 3 potions of haste
 q - 3 potions of flight
 t - a potion of invisibility {unknown}
 z - 2 potions of brilliance
 B - a potion of berserk rage {unknown}
 I - 2 potions of mutation {unknown}
 T - 2 potions of lignification {unknown}


   Skills:
 - Level 10.1 Fighting
 - Level 14.6 Polearms
 - Level 9.6 Armour
 + Level 3.6 Dodging
 * Level 8.1 Shields
 - Level 6.8 Invocations


You had 12 spell levels left.
You didn't know any spells.
Your spell library contained the following spells:

 Spells                   Type           Power      Damage    Failure   Level
 Ensorcelled Hibernation  Hex/Ice        0%         N/A       100%        2
 Static Discharge         Conj/Air       0%         N/A       100%        2
 Confusing Touch          Hex            0%         N/A       100%        3
 Gell's Gravitas          Tloc           0%         N/A       100%        3
 Lesser Beckoning         Tloc           0%         N/A       100%        3
 Spider Form              Tmut/Pois      0%         N/A       100%        3
 Teleport Other           Tloc           0%         N/A       100%        3
 Dispel Undead            Necr           0%         3d6       100%        4
 Sticky Flame             Conj/Fire      0%         2d3       100%        4
 Yara's Violent Unravell  Hex/Tmut       0%         3d3       100%        5
 Enfeeble                 Hex            0%         N/A       100%        7


Dungeon Overview and Level Annotations

Branches:
Dungeon (11/15)            Temple (1/1) D:4            Lair (6/6) D:9
 Shoals (0/4) Lair:2        Slime (0/5) Lair:6          Orc (0/2) D:10
  Sewer (visited)          Bailey (visited)
  Swamp: Lair:2-4     Snake: Lair:2-4    Spider: Lair:2-4

Altars:
Ashenzari
Cheibriados
Elyvilon
Fedhas
Hepliaklqana
Kikubaaqudgha
Makhleb
Ru
Xom
The Shining One

Shops:
D:4 =   D:6 !   D:11 :

Annotations:
D:5 Dowan
Lair:2 1 runed translucent door, Qoozuoj's ghost, journeyman SpEn


Innate Abilities, Weirdness & Mutations

You cannot be hasted, slowed, berserked, paralysed or teleported.
You can dig through walls and to a lower floor.
You have a pair of large antennae on your head. (SInv)
Your four strong arms can wield two-handed weapons with a shield.


Message History

You block the komodo dragon's attack.
Found a chain mail, 19 bolts and 15 gold pieces.
Found a staircase to the Slime Pits.
Unknown command.
You retract your mandibles.
The dream sheep shake their wool and sparkle.
You feel drowsy...
You fall asleep.
The komodo dragon barely misses you. The jelly hits you but does no damage.
The wall burns the dream sheep!
The komodo dragon bites you!!
You wake up.
* * * LOW HITPOINT WARNING * * *
You block the jelly's attack.
The wall burns the dream sheep!
You start to feel less resistant.
Unknown command.
The dream sheep "Baaaas" balefully.
Okay, then.
You feel better.
The endoplasm jiggles.
The dream sheep ruffle their wool and motes of dream dust sparkle, to no effect.
Your resistance to elements expires.
The dream sheep are wreathed in dream dust.
You feel drowsy...
You fall asleep.
The jelly hits you.
You wake up.
* * * LOW HITPOINT WARNING * * *
The acid corrodes you!
You are splashed with acid.
* * * LOW HITPOINT WARNING * * *
You block the komodo dragon's attack.
The jelly jiggles.
A dream sheep comes into view.
You block the jelly's attack. You block the komodo dragon's attack.
The dream sheep bleats!
You block the dream sheep's attack.
A basilisk comes into view.
The dream sheep bites you but does no damage.
The dream sheep are wreathed in dream dust.
You feel drowsy...
You fall asleep.
The jelly hits you but does no damage. The dream sheep bites you!!
You die...

#### #.#.## ##♣♣♣ ##
#....###l#.♣
....###......JJY@♣
..............J#♣♣ {{
...........JJY.##♣
.....PPP....Y{...♣
#.P.P.#...YJ{{....♣
##..PP#.....P.....♣
..........J{.......♣
{
.$..................♣
.........Yl.........♣


You could see a komodo dragon, 4 dream sheep, 5 jellies and an endoplasm.

Vanquished Creatures
  2 hydras (Lair:1)
  4 two-headed ogres
  A death yak (Lair:6)
  Pikel (D:5)
  2 orc knights (Bailey)
  A manticore (Lair:2)
  Maurice (D:9)
  5 centaur zombies
  A gargoyle (D:10)
  6 cane toads
  6 komodo dragons
  3 kobold demonologists
  A rime drake (Lair:2)
  3 trolls
  A wind drake (Lair:2)
  A polar bear (Lair:1)
  A hornet (D:10)
  6 blink frogs
  A shadow (D:11)
  2 basilisks
  4 yaks (Lair:2)
  Eustachio (D:5)
  2 wargs (D:9)
  An acid dragon (D:10)
  Duvessa (D:5)
  4 water moccasins
  2 sky beasts (D:7)
  A black bear (D:5)
  10 orc warriors
  An ogre (D:4)
  A wolf (Lair:3)
  3 necrophages
  2 centaurs
  A lemure (D:5)
  A kobold brigand (D:10)
  10 bullfrogs
  2 scorpions
  2 water moccasin zombies
  4 wights (D:9)
  11 killer bees
  6 electric eels
  3 howler monkeys (D:8)
  3 crimson imps (D:5)
  A bullfrog zombie (D:5)
  2 gnoll shamans
  4 orc priests
  Crazy Yiuf (D:2)
  A centaur skeleton (D:7)
  6 orc wizards
  Natasha (D:2)
  4 iguanas
  2 hell rats (Lair:1)
  3 howler monkey zombies
  12 gnolls
  A howler monkey skeleton (D:7)
  11 adders
  12 river rats
  A shadow imp (D:7)
  2 ufetubi
  2 adder skeletons (D:4)
  6 worms
  A dart slug (D:1)
  27 orcs
  7 ball pythons
  7 bats
  5 endoplasms
  3 giant cockroaches
  13 goblins
  13 hobgoblins
  6 jackals
  9 quokkas
  2 frilled lizards
  12 kobolds
  7 rats
309 creatures vanquished.

Vanquished Creatures (others)
  11 fungi
  23 plants
34 creatures vanquished.

Grand Total: 343 creatures vanquished

Notes
Turn   | Place    | Note
-------+----------+-------------------------------------------
     0 | D:1      | Grim the Formicid Fighter began the quest for the Orb.
     0 | D:1      | Reached XP level 1. HP: 18/18 MP: 1/1
   154 | D:1      | Reached XP level 2. HP: 24/24 MP: 2/2
   351 | D:1      | Reached skill level 3 in Polearms
   569 | D:1      | Reached XP level 3. HP: 29/29 MP: 3/3
   959 | D:2      | Found a faded altar of an unknown god.
  1226 | D:2      | Reached skill level 4 in Polearms
  1226 | D:2      | Reached XP level 4. HP: 35/35 MP: 4/4
  1281 | D:2      | Noticed Natasha
  1294 | D:2      | Killed Natasha
  1399 | D:2      | Found a white marble altar of Elyvilon.
  1621 | D:2      | Found a runed translucent door.
  1622 | D:2      | Noticed Crazy Yiuf
  1630 | D:2      | Killed Crazy Yiuf
  1631 | D:2      | Reached XP level 5. HP: 27/41 MP: 5/5
  1641 | D:2      | Identified the +6 mace of Inwoo {flame, rF+ MP+9 Dex-3
                  | Stlth+}
  1768 | D:3      | Reached skill level 5 in Polearms
  2101 | D:3      | Found a glowing drain.
  2110 | Sewer    | Entered a sewer
  2193 | Sewer    | Noticed a water moccasin
  2206 | Sewer    | Killed a water moccasin
  2207 | Sewer    | Reached skill level 6 in Polearms
  2207 | Sewer    | Reached XP level 6. HP: 3/47 MP: 6/6
  2795 | D:3      | Noticed a necrophage
  2801 | D:3      | Killed a necrophage
  2802 | D:3      | Reached skill level 7 in Polearms
  2802 | D:3      | Reached XP level 7. HP: 40/52 MP: 7/7
  3300 | D:4      | Found Latur's Jewellery Emporium.
  3647 | D:4      | Found a sacrificial altar of Ru.
  3649 | D:4      | Found a staircase to the Ecumenical Temple.
  3810 | Temple   | Entered the Ecumenical Temple
  3817 | Temple   | Became a worshipper of the Shining One
  3857 | D:4      | Reached skill level 8 in Polearms
  4206 | D:5      | Entered Level 5 of the Dungeon
  4287 | D:5      | Noticed Dowan
  4290 | D:5      | Noticed Duvessa
  4325 | D:4      | Reached XP level 8. HP: 37/58 MP: 8/8
  4497 | D:5      | Identified the +0 leather armour of Erchack {Str+4 Dex-2
                  | Slay+2 SInv}
  4736 | D:5      | Reached skill level 9 in Polearms
  4757 | D:5      | Found a shimmering altar of Xom.
  4769 | D:5      | Noticed Eustachio
  4769 | D:5      | Reached * piety under the Shining One
  4773 | D:5      | Killed Eustachio
  4838 | D:5      | Killed Duvessa
  5073 | D:5      | Reached skill level 10 in Polearms
  5118 | D:5      | Noticed Pikel
  5139 | D:5      | Killed Pikel
  5140 | D:5      | Reached skill level 11 in Polearms
  5140 | D:5      | Reached XP level 9. HP: 37/64 MP: 9/9
  5698 | D:6      | Found Erol's Distillery.
  5921 | D:6      | Reached skill level 12 in Polearms
  6014 | D:6      | Found a hazy altar of Hepliaklqana.
  6014 | D:6      | Found a broken altar of Ashenzari.
  7075 | D:7      | Reached ** piety under the Shining One
  7084 | D:7      | Reached skill level 13 in Polearms
  7114 | D:7      | Reached XP level 10. HP: 64/70 MP: 10/10
  8469 | D:9      | Noticed Maurice
  8472 | D:9      | Noticed a two-headed ogre
  8479 | D:9      | Killed Maurice
  8480 | D:9      | Reached skill level 14 in Polearms
  8486 | D:9      | Killed a two-headed ogre
  8660 | D:9      | Found an ancient bone altar of Kikubaaqudgha.
  8718 | D:9      | Found a burning altar of Makhleb.
  8952 | D:9      | Noticed a two-headed ogre
  8966 | D:9      | Killed a two-headed ogre
  8967 | D:9      | Reached skill level 5 in Fighting
  9306 | D:9      | Reached XP level 11. HP: 51/83 MP: 11/11
  9445 | D:9      | Found a staircase to the Lair.
  9510 | D:9      | Reached *** piety under the Shining One
  9829 | D:10     | Entered Level 10 of the Dungeon
  9953 | D:10     | Found a flagged portal.
  9969 | Bailey   | Entered a bailey
 10049 | Bailey   | Noticed an orc knight
 10081 | Bailey   | Killed an orc knight
 10994 | Bailey   | Found an iron altar of Okawaru.
 11036 | Bailey   | Reached skill level 10 in Fighting
 11315 | Bailey   | Noticed an orc knight
 11322 | Bailey   | Killed an orc knight
 11323 | Bailey   | Reached skill level 1 in Invocations
 12155 | D:10     | Found a blossoming altar of Fedhas.
 12162 | D:10     | Reached skill level 5 in Armour
 12198 | D:10     | Found a staircase to the Orcish Mines.
 12662 | D:11     | Found the +7 Kryia's mail coat {PotionHeal*2 rC+}
 12715 | D:11     | Noticed a two-headed ogre
 12721 | D:11     | Killed a two-headed ogre
 12788 | D:11     | Noticed a sixfirhy
 12795 | D:11     | Noticed a two-headed ogre
 12801 | D:11     | Killed a two-headed ogre
 12802 | D:11     | Reached XP level 12. HP: 97/97 MP: 13/15
 12839 | D:11     | Found Hitio's Self-Improvement Boutique.
 12987 | D:11     | Noticed a skeletal warrior
 12987 | D:11     | Noticed a skeletal warrior
 12988 | D:11     | Noticed a skeletal warrior
 12988 | D:11     | Noticed a skeletal warrior
 12996 | D:11     | Noticed a two-headed ogre
 13063 | Lair:1   | Entered Level 1 of the Lair of Beasts
 13110 | Lair:1   | Reached **** piety under the Shining One
 13592 | Lair:1   | Reached skill level 5 in Invocations
 13939 | Lair:1   | Noticed a four-headed hydra
 13956 | Lair:1   | Killed a one-headed hydra
 15086 | Lair:1   | Acquired a +2 tower shield of reflection
 15314 | Lair:1   | Noticed a seven-headed hydra
 15320 | Lair:1   | Killed a three-headed hydra
 15321 | Lair:1   | Reached skill level 1 in Dodging
 15887 | Lair:2   | Noticed Qoozuoj's ghost (journeyman SpEn)
 15887 | Lair:2   | Found a runed translucent door.
 15926 | Lair:2   | Reached skill level 5 in Shields
 16239 | Lair:2   | Found a staircase to the Shoals.
 16620 | Lair:2   | Reached XP level 13. HP: 103/103 MP: 18/18
 17050 | Lair:2   | You fall into a shaft and drop 1 floor!
 17074 | Lair:3   | You fall into a shaft and drop 3 floors!
 17074 | Lair:6   | Entered Level 6 of the Lair of Beasts
 17097 | Lair:5   | You fall into a shaft and drop 1 floor!
 17097 | Lair:6   | Found a staircase to the Slime Pits.
 17100 | Lair:6   | HP: 1/97 [komodo dragon (21)]
 17118 | Lair:6   | Demolished by a dream sheep

Illustrated notes

Levels and vault maps discovered:
D:1:      roderic_octagonal_star, layout_loops_ring, st_stairs_10
D:2:      layout_loops_ring, serial_forest, infiniplex_forest_lined_corner,
          infiniplex_forest_clump_long, infiniplex_forest_lined_2,
          infiniplex_forest_clump_diagonal, infiniplex_forest_clump_large,
          infiniplex_forest_straight_4, shapermc_ecumenical_altar_ellora,
          basic_altar, minmay_tetromino_t4, uniq_crazy_yiuf_cottage,
          uniq_natasha
D:3:      layout_loops_ring, lightli_sewer_entry_pipes
D:4:      layout_basic, mainiacjoe_overflow_concentric_impassable,
          minmay_temple_entry_proselytizer, serial_shops, shop_statue
D:5:      black_bear_nest_1, layout_loops_ring, led_xom_imps,
          serial_park_tiny_2, uniq_eustachio, uniq_pikel, uniq_duvessa
D:6:      layout_basic, gammafunk_temple_overflow_pools, serial_shops,
          nicolae_stop_n_shop_2
D:7:      layout_basic, chequers_serial_rivers_small_3, nicolae_benzene_ring
D:8:      layout_rooms, minivault_4
D:9:      layout_rooms, lightli_temple_of_fire, lemuel_doored_altar,
          erik_lair_orcish_takeover, uniq_maurice
D:10:     layout_loops_ring, fedhas_altar_1, orc_0_dummy, enter_bailey_2
D:11:     layout_grid_maze, nicolae_shop_self_help
Temple:   regret_index_temple_waves
Lair:1:   layout_cellular_growth, kennysheep_rathole, grunt_megastairs_1
Lair:2:   layout_gridlike, minmay_shoals_entry_beasts,
          hellmonk_ghost_happy_afterlife, special_room [special_room_bee],
          nicolae_lair_grove_arrangements
Lair:3:   layout_loops_ring
Lair:5:   layout_cave_pods, gauntlet_entry_generic, infiniplex_staircase_pool_2
Lair:6:   hellmonk_lair_end_abyssal_woods, layout_gridlike,
          nicolae_slime_entry_slimehenge, kennysheep_basilisk_garden,
          lemuel_fruit_fields, uniq_josephine, uniq_sonja

Skill      XL: |  1  2  3  4  5  6  7  8  9 10 11 12 13 |
---------------+----------------------------------------+-----
Polearms       | 3 4 6 7 8 11 13 14 | 14.6
Fighting       | 6 10 | 10.1
Invocations    | 4 6 |  6.8
Armour         | 6 9 |  9.6
Dodging        | 2 3 |  3.6
Shields        | 6 8 |  8.1

Action                   |  1- 3 |  4- 6 |  7- 9 | 10-12 | 13-15 || total
-------------------------+-------+-------+-------+-------+-------++-------
Melee: Trident           |    87 |   146 |   301 |   351 |       ||   885
       Bardiche          |       |       |       |   189 |    30 ||   219
Throw: Dart              |       |       |       |     6 |    11 ||    17
       Javelin           |       |       |       |     4 |       ||     4
Invok: Divine Shield     |       |       |       |     1 |     1 ||     2
       Cleansing Flame   |       |       |       |       |     1 ||     1
 Abil: Dig               |       |       |     1 |       |     3 ||     4
       Shaft Self        |       |       |       |       |     3 ||     3
Evoke: Wand              |       |       |       |     1 |     1 ||     2
  Use: Potion            |       |     1 |       |     7 |     2 ||    10
       Scroll            |       |       |       |     9 |       ||     9
Armor: Scale mail        |    33 |    47 |    21 |       |       ||   101
       Leather armour    |       |       |    14 |       |       ||    14
       Plate armour      |       |       |     4 |   157 |    28 ||   189
Dodge: Dodged            |    16 |    42 |    78 |   101 |    19 ||   256
Block: Buckler           |    16 |    17 |    45 |    75 |       ||   153
       Tower shield      |       |       |       |    17 |    63 ||    80
       Reflection        |       |       |       |       |     1 ||     1

Table legend: (Time is in decaauts)
 A = Elapsed time spent in this place.
 B = Non-inter-level travel time spent in this place.
 C = Inter-level travel time spent in this place.
 D = Time resting spent in this place.
 E = Time spent auto-exploring this place.
 F = Levels seen in this place.
 G = Mean time per level.
                   A        B        C        D        E       F      G
               +--------+--------+--------+--------+--------+-----+--------+
         Total |  17076 |  16729 |    347 |   5633 |   8576 |  19 |  898.7 |
       Dungeon |  11163 |  10845 |    318 |   2753 |   6425 |  11 | 1014.8 |
        Temple |     14 |      7 |      7 |      0 |      0 |   1 |   14.0 |
          Lair |   3665 |   3644 |     21 |   1629 |   1518 |   5 |  733.0 |
         Sewer |    315 |    315 |      0 |    148 |     80 |   1 |  315.0 |
        Bailey |   1917 |   1917 |      0 |   1102 |    552 |   1 | 1917.0 |
               +--------+--------+--------+--------+--------+-----+--------+

Top non-repeatable levels by time:
  Lair:1: 2401 daAuts
  Bailey: 1917 daAuts
     D:8: 1401 daAuts
     D:9: 1253 daAuts
     D:5: 1207 daAuts
  Lair:2: 1190 daAuts
     D:3: 1134 daAuts
     D:7: 1091 daAuts
     D:4: 1054 daAuts
     D:2: 1048 daAuts
     D:1: 864 daAuts
     D:6: 832 daAuts
    D:10: 797 daAuts
    D:11: 477 daAuts
   Sewer: 315 daAuts
